 Dungeon Crawl Stone Soup version 0.30-a0-234-g97d66968fd (webtiles) character file.

Game seed: 8319408178731368407

380 qw the Chopper (level 6, 0/38 HPs)
             Began as a Gargoyle Fighter on Oct 9, 2022.
             Slain by a black bear (3 damage)
             ... on level 4 of the Dungeon.
             The game lasted 00:01:13 (2733 turns).

qw the Chopper (Gargoyle Fighter)                   Turns: 2733, Time: 00:01:14

Health: 0/38       AC: 22    Str: 24    XL:     6   Next: 75%
Magic:  6/6        EV: 10    Int:  7    God:
Gold:   106        SH:  4    Dex: 12    Spells: 5/5 levels left

rFire   . . .      SeeInvis .    Y - +0 war axe (protect)
rCold   . . .      Faith    .    c - +0 buckler
rNeg    + . .      Spirit   .    b - +0 scale mail
rPois   inf        Reflect  .    (no helmet)
rElec   +          Harm     .    (no cloak)
rCorr   .          Rampage  .    (no gloves)
Will    .....                    (no boots)
Stlth   ..........               (no amulet)
HPRegen 0.26/turn                o - +4 ring of protection
MPRegen 0.10/turn                (no ring)

@: about to teleport, under a protective aura
A: sickness immunity, AC +4, negative energy resistance 1, electricity
resistance, torment resistance 1, petrification resistance, agile 1, strong 1
a: no special abilities


You were on level 4 of the Dungeon.
You visited 1 branch of the dungeon, and saw 4 of its levels.

You collected 106 gold pieces.


Innate Abilities, Weirdness & Mutations

You are immune to sickness and miasma.
Your stone body is resilient. (AC +4)
You are immune to poison.
You resist negative energy. (rN+)
You are resistant to electric shocks. (rElec)
You are resistant to unholy torment.
You are immune to petrification.
You are agile. (Dex +4, Str/Int -1)
Your muscles are strong. (Str +4, Int/Dex -1)


   Skills:
 + Level 3.8 Fighting
 - Level 5.0 Axes
 - Level 3.2 Armour
 - Level 2.9 Dodging
 - Level 3.2 Shields


You had 5 spell levels left.
You didn't know any spells.
Your spell library was empty.

Inventory:

Hand Weapons
 g - a +0 whip
 Y - a +0 war axe of protection (weapon)
Armour
 b - a +0 scale mail (worn)
 c - a +0 buckler (worn)
Jewellery
 i - an amulet of magic regeneration
 o - a +4 ring of protection (left hand)
Scrolls
 j - a scroll of identify
Potions
 d - 2 potions of might
 e - a potion of mutation
 f - a potion of cancellation {unknown}
 h - a potion of haste
 k - a potion of curing
 l - a potion of attraction {unknown}

Dungeon Overview and Level Annotations

Branches:
Dungeon (4/15)
 Temple: D:4-7

Altars:
Ashenzari
Dithmenos
Wu Jian


Message History

The black bear barely misses you. Something hits you but does no damage.
The black bear bites you but does no damage.
The black bear claws you but does no damage.
The black bear misses you.
You hit the black bear.
The black bear is heavily wounded.
You hit something. Something hits you but does no damage.
The black bear bites you.
The black bear claws you but does no damage. x2
You hear some strange, mumbled words.
A puff of flame appears from out of thin air!
The puff of flame misses you.
You hit the black bear but do no damage.
The black bear is heavily wounded.
You closely miss something.
The black bear bites you but does no damage.
The black bear claws you but does no damage.
You block the black bear's attack. Something hits you but does no damage.
You slash the black bear!
The black bear is almost dead.
You closely miss something.
The giant cockroach waves its antennae.
The black bear goes berserk!
Something hits you but does no damage.
You hear some strange, mumbled words.
A puff of flame appears from out of thin air!
The puff of flame misses you.
You hit the black bear but do no damage.
The black bear is almost dead.
You slash something! The black bear bites you!
The black bear barely misses you.
The black bear claws you but does no damage.
The black bear bites you but does no damage.
The black bear claws you but does no damage.
The black bear claws you. Something hits you but does no damage.
2733 ||| READING scroll of teleportation.
As you read the scroll of teleportation, it crumbles to dust.
You feel strangely unstable.
The black bear bites you but does no damage.
The black bear closely misses you. The black bear claws you.
You die...

..#####.#....##
..(.#.....##
#..#...##
###......##
#.#.#.....#
#.....#.#.##
##...##..#..#
#....#..###.#
####.#.##.##
#@# #......#..#
#{h......
#.#.#....##
.Bo..##..
#...#...##
........
#..##...#
...........
#... #...#
#...........
#### #...#
#...........
#...#
#.........?.
#...#


You could see a black bear (berserk), an orc and a giant cockroach.

Vanquished Creatures
  Grinder (D:4)
  A hound (D:3)
  A jelly (D:4)
  2 orc wizards (D:3)
  2 adders (D:2)
  A worm (D:3)
  A dart slug (D:2)
  4 orcs
  9 bats
  2 endoplasms
  2 giant cockroaches
  A goblin (D:4)
  7 hobgoblins
  8 jackals
  9 kobolds
  3 quokkas
  8 ball pythons
  2 frilled lizards
  5 rats
69 creatures vanquished.

Notes
Turn   | Place    | Note
-------+----------+-------------------------------------------
     0 | D:1      | qw the Gargoyle Fighter began the quest for the Orb.
     0 | D:1      | Reached XP level 1. HP: 14/14 MP: 1/1
     0 | D:1      | 0 ||| qw: Version: 0.2-a-17-g06abaee
     0 | D:1      | 0 ||| qw: Game counter: 2339
     0 | D:1      | 0 ||| qw: Always use a shield: true
     0 | D:1      | 0 ||| qw: God list: Okawaru
     0 | D:1      | 0 ||| qw: Allow faded altars: false
     0 | D:1      | 0 ||| qw: Do Orc after D:15 true
     0 | D:1      | 0 ||| qw: Do second Lair branch before Depths: true
     0 | D:1      | 0 ||| qw: Lair rune preference: random
     0 | D:1      | 0 ||| qw: Plans: Normal, Zot:1-4, God:TSO, Crypt, Tomb,
                  | Pan, Slime:5, Hells, Abyss, Orb
     0 | D:1      | 0 ||| PLANNING D:1-11
    15 | D:1      | Reached skill level 2 in Axes
    69 | D:1      | 69 ||| Stepping ~*~*~tactically~*~*~ (stealth).
    73 | D:1      | 73 ||| Stepping ~*~*~tactically~*~*~ (stealth).
    77 | D:1      | Reached XP level 2. HP: 16/19 MP: 2/2
    86 | D:1      | 86 ||| Stepping ~*~*~tactically~*~*~ (stealth).
    89 | D:1      | 89 ||| Stepping ~*~*~tactically~*~*~ (stealth).
    94 | D:1      | 94 ||| Stepping ~*~*~tactically~*~*~ (stealth).
    98 | D:1      | 98 ||| Stepping ~*~*~tactically~*~*~ (stealth).
   102 | D:1      | 102 ||| Stepping ~*~*~tactically~*~*~ (stealth).
   264 | D:1      | 264 ||| Stepping ~*~*~tactically~*~*~ (stealth).
   265 | D:1      | 265 ||| Stepping ~*~*~tactically~*~*~ (stealth).
   266 | D:1      | 266 ||| Stepping ~*~*~tactically~*~*~ (stealth).
   279 | D:1      | Reached skill level 3 in Axes
   347 | D:1      | Reached XP level 3. HP: 23/23 MP: 3/3
   950 | D:1      | 950 ||| READING 2 scrolls labelled KAORHI DIUS.
   955 | D:1      | 955 ||| READING scroll labelled REER SAGOC.
   956 | D:1      | 956 ||| READING scroll labelled KONLIS WEMADGHA.
  1049 | D:2      | Identified the +7 hand axe "Upraus" {freeze, SInv}
  1126 | D:2      | 1126 ||| Stepping ~*~*~tactically~*~*~ (stealth).
  1127 | D:2      | 1127 ||| Stepping ~*~*~tactically~*~*~ (stealth).
  1148 | D:2      | Reached XP level 4. HP: 28/28 MP: 4/4
  1174 | D:2      | 1174 ||| Stepping ~*~*~tactically~*~*~ (stealth).
  1179 | D:2      | 1179 ||| Stepping ~*~*~tactically~*~*~ (stealth).
  1246 | D:2      | Reached skill level 4 in Axes
  1445 | D:2      | 1445 ||| READING 2 scrolls labelled URUAHI ONLUE.
  1446 | D:2      | 1446 ||| READING scroll labelled AWAVOM EBRUK.
  1467 | D:2      | 1467 ||| READING scroll labelled IQIDYMMYR.
  1468 | D:2      | 1468 ||| DRINKING 2 red potions.
  1469 | D:2      | 1469 ||| DROPPING scroll of amnesia.
  1649 | D:3      | HP: 7/28 [something/puff of flame (7)]
  1653 | D:3      | Reached XP level 5. HP: 9/32 MP: 5/5
  1828 | D:3      | Found a faded altar of an unknown god.
  1856 | D:3      | Found a broken altar of Ashenzari.
  1944 | D:3      | Reached skill level 5 in Axes
  2316 | D:3      | Found an ornate altar of the Wu Jian Council.
  2442 | D:3      | 2442 ||| UPGRADING to +4 ring of protection.
  2443 | D:3      | 2443 ||| READING scroll labelled URE BYCYLIZIO.
  2444 | D:3      | 2444 ||| READING 2 scrolls labelled LANTIE WOPOETH.
  2545 | D:3      | 2545 ||| READING 3 scrolls labelled GYQ REIMUTO.
  2546 | D:3      | 2546 ||| READING scroll labelled ONUONO FOKKE.
  2547 | D:3      | 2547 ||| READING scroll labelled JIHAWN SAIKHEUSU.
  2548 | D:3      | 2548 ||| DRINKING 3 grey potions.
  2548 | D:3      | Gained mutation: Your spells are a little easier to cast,
                  | but a little less powerful. [potion of mutation]
  2548 | D:3      | Gained mutation: You occasionally lose the ability to drink
                  | potions when taking damage. [potion of mutation]
  2548 | D:3      | Gained mutation: Your movements are slightly less
                  | encumbered by armour. (ER -2) [potion of mutation]
  2549 | D:3      | 2549 ||| DRINKING 2 potions of mutation.
  2549 | D:3      | Lost mutation: You occasionally lose the ability to drink
                  | potions when taking damage. [potion of mutation]
  2549 | D:3      | Lost mutation: Your spells are a little easier to cast, but
                  | a little less powerful. [potion of mutation]
  2549 | D:3      | Lost mutation: Your movements are slightly less encumbered
                  | by armour. (ER -2) [potion of mutation]
  2549 | D:3      | Gained mutation: Your muscles are strong. (Str +4, Int/Dex
                  | -1) [potion of mutation]
  2549 | D:3      | Gained mutation: You are agile. (Dex +4, Str/Int -1)
                  | [potion of mutation]
  2550 | D:3      | 2550 ||| DRINKING 2 brown potions.
  2551 | D:3      | 2551 ||| DRINKING 2 green potions.
  2552 | D:3      | 2552 ||| DROPPING potion of brilliance.
  2553 | D:3      | 2553 ||| DROPPING scroll of silence.
  2554 | D:3      | 2554 ||| DROPPING 2 scrolls of butterflies.
  2555 | D:3      | 2555 ||| Stepping randomly (stuck).
  2556 | D:3      | 2556 ||| Stepping ~*~*~tactically~*~*~ (cloud).
  2630 | D:4      | Noticed Grinder
  2637 | D:4      | Killed Grinder
  2638 | D:4      | Reached XP level 6. HP: 34/37 MP: 6/6
  2661 | D:4      | Found a shadowy altar of Dithmenos.
  2716 | D:4      | 2716 ||| Stepping ~*~*~tactically~*~*~ (stealth).
  2718 | D:4      | Noticed a black bear
  2732 | D:4      | HP: 4/38 [black bear (9)]
  2733 | D:4      | 2733 ||| READING scroll of teleportation.
  2733 | D:4      | Slain by a black bear

Levels and vault maps discovered:
D:1:      dpeg_arrival_tiny_a, layout_basic
D:2:      layout_rooms
D:3:      layout_loops_corners, ashenzari_altar_1, nzn_wu_jian_council_hall,
          hellmonk_ecumenical_altar_run_dry
D:4:      layout_rooms, mainiacjoe_overflow_alcove_2, grunt_dithmenos_smoke,
          temple_statues, uniq_menkaure, uniq_grinder

Skill      XL: |  1  2  3  4  5 |
---------------+----------------+-----
Axes           | 2 3 4 5 |  5.0
Dodging        | 2 |  2.9
Fighting       | |  3.8
Armour         | |  3.2
Shields        | |  3.2

Action                   |  1- 3 |  4- 6 || total
-------------------------+-------+-------++-------
Melee: War axe           |   121 |   113 ||   234
  Use: Scroll            |     3 |     9 ||    12
       Potion            |       |     5 ||     5
Armor: Scale mail        |    84 |    91 ||   175
Dodge: Dodged            |    60 |    62 ||   122
Block: Buckler           |    20 |    24 ||    44

Table legend:
 A = Non-vault XP
 B = Vault XP
 C = Vault XP percentage of total XP
 D = Non-vault monster count
 E = Vault monster count
 F = Vault count percentage of total count
                 A         B        C        D         E       F
            +---------+---------+-------+---------+---------+-------
      Total |     300 |     244 |  44.9 |      68 |       1 |   1.4
            +---------+---------+-------+---------+---------+-------
        D:1 |      49 |       0 |   0.0 |      30 |       0 |   0.0
        D:2 |      55 |       0 |   0.0 |      16 |       0 |   0.0
        D:3 |     146 |       0 |   0.0 |      18 |       0 |   0.0
        D:4 |      50 |     244 |  83.0 |       4 |       1 |  20.0
            +---------+---------+-------+---------+---------+-------
